Map: Disco Bloodbath LE

Players

DuBBiE

  • Race: Zerg Zerg
  • League: Master
  • Spawn Location: 9:00

Mez - Winner!

  • Race: Terran Terran
  • League: Master
  • Spawn Location: 3:00

VOD

Have the link to the VOD?

Description

Time

  • Played on: Aug. 28, 2019, 4:50 p.m.
  • Length: 11:21
Show
View Real Time Build Order
Export as new Build Order

DuBBiE Zerg 

Build Orders: Hatch First, Roach Nydus 

Get SALT Encoding   

  12  0:01  Drone  
  13  0:12  Overlord  
  13  0:16  Drone  
  14  0:31  Drone x2  
  14  0:35  Drone  
  17  0:51  Drone  
  17  0:56  Hatchery  
  17  1:03  Drone  
  18  1:06  Extractor  
  17  1:15  Spawning Pool  
  17  1:17  Drone  
  17  1:20  Drone  
  18  1:29  Drone  
  19  1:39  Drone  
  20  1:49  Drone  
  21  2:03  Zergling x2  
  21  2:08  Hatchery  
  21  2:09  Queen  
  21  2:10  Zergling x2  
  24  2:18  Queen  
  26  2:26  Overlord  
  26  2:27  Drone  
  27  2:39  Drone  
  28  2:45  Drone x2  
  28  2:51  Queen  
  30  2:56  Lair, Drone  
  30  2:58  Drone  
  34  3:01  Drone  
  35  3:06  Drone  
  35  3:08  Overlord  
  36  3:16  Overlord  
  36  3:26  Drone x3  
  36  3:27  Drone x2  
  40  3:28  Metabolic Boost  
  40  3:33  Drone  
  41  3:36  Drone x2  
  42  3:41  Extractor  
  42  3:47  Roach Warren, Drone  
  42  3:48  Drone  
  42  3:58  Drone x4  
  42  3:59  Drone x3  
  49  4:09  Nydus Network  
  48  4:11  Queen  
  48  4:12  Drone x2  
  52  4:23  Overlord  
  52  4:24  Drone x2  
  52  4:30  Roach x2  
  58  4:32  Overlord x2  
  58  4:33  Overlord  
  58  4:41  Overlord  
  58  4:43  Extractor  
  45  4:57  Roach x4  
  50  5:01  Nydus Canal  
  50  5:02  Roach  
  50  5:03  Roach  
  50  5:10  Roach x3  
  56  5:20  Zergling x2  
  56  5:21  Zergling x2  
  58  5:22  Roach  
  60  5:29  Zergling x2  
  60  5:32  Queen  
  59  5:42  Drone x4  
  59  5:47  Drone  
  59  5:50  Drone  
  59  5:54  Drone  
  54  6:03  Drone  
  47  6:05  Drone  
  47  6:09  Drone  
  45  6:14  Spire, Drone x2  
  44  6:23  Nydus Canal  
  44  6:26  Roach x3  
  44  6:31  Queen  
  44  6:32  Drone  
  52  6:44  Zergling x2  
  46  6:47  Ravager  
  46  6:49  Drone x4  
  46  6:50  Spore Crawler  
  39  6:55  Ravager  
  39  6:58  Drone x2  
  39  6:59  Drone  
  41  7:08  Spore Crawler  
  41  7:15  Queen  
  40  7:16  Drone  
  43  7:28  Drone  
  43  7:29  Drone  
  43  7:33  Drone  
  43  7:34  Drone  
  45  7:46  Drone x2  
  46  7:57  Drone x2  
  48  8:02  Queen  
  48  8:03  Queen  
  52  8:06  Mutalisk  
  55  8:12  Drone  
  55  8:13  Drone  
  55  8:16  Drone  
  55  8:18  Drone x2  
  55  8:19  Drone x2  
  61  8:21  Drone  
  61  8:26  Drone x3  
  65  8:30  Mutalisk  
  65  8:33  Drone  
  68  8:35  Drone  
  69  8:42  Mutalisk  
  69  8:47  Mutalisk  
  73  8:54  Zergling x8  
  77  8:57  Zergling x4  
  77  9:01  Zergling x2  
  77  9:02  Zergling x2  
  81  9:08  Zergling x6  
  81  9:09  Zergling x2  
  76  9:18  Zergling x4  
  46  10:07  Overlord x4  
  46  10:14  Overlord x3  
  44  10:17  Zergling x2  
  44  10:18  Zergling x2  
  44  10:21  Zergling x2, Hatchery  
  44  10:25  Queen  
  44  10:26  Drone x5  
  51  10:29  Roach x2  
  55  10:38  Zergling x4  
  52  10:43  Zergling x4  
  53  10:53  Zergling x4, Drone  
  53  10:55  Roach x2  
  53  10:56  Roach  
  53  10:57  Roach x4  
  65  11:12  Ravager x2  
Show
View Real Time Build Order
Export as new Build Order

Mez Terran - Winner!

Build Orders: Liberator Opening, Reaper Expand 

Get SALT Encoding   

  12  0:01  SCV  
  13  0:13  SCV  
  14  0:17  Supply Depot  
  14  0:25  SCV  
  15  0:38  SCV  
  15  0:40  Barracks  
  16  0:44  Refinery  
  16  0:51  SCV  
  17  1:03  SCV  
  18  1:15  SCV  
  19  1:28  Reaper  
  19  1:29  Orbital Command  
  20  1:39  Command Center  
  20  1:47  Supply Depot  
  20  1:55  SCV  
  20  2:00  Marine  
  23  2:08  SCV  
  23  2:11  Factory  
  23  2:14  Refinery  
  23  2:20  SCV  
  24  2:23  Barracks Reactor  
  24  2:32  SCV  
  24  2:44  SCV  
  26  2:53  Orbital Command  
  25  3:03  Starport  
  25  3:06  SCV  
  25  3:08  Hellion x2  
  25  3:10  Barracks Tech Lab  
  30  3:18  SCV  
  30  3:24  Liberator  
  30  3:26  SCV  
  30  3:29  Hellion x2  
  30  3:30  SCV  
  35  3:44  Marine, Supply Depot  
  35  3:45  Stimpack  
  35  3:47  SCV  
  40  3:50  SCV  
  40  3:54  Hellion x2  
  45  4:01  SCV  
  46  4:06  SCV  
  46  4:08  Supply Depot  
  47  4:11  Marine  
  47  4:13  SCV  
  49  4:18  SCV  
  50  4:25  Starport Reactor  
  50  4:26  Barracks  
  50  4:27  Barracks  
  50  4:29  Factory Reactor  
  50  4:30  Marine  
  51  4:32  SCV x2  
  51  4:34  Supply Depot  
  51  4:53  SCV x2  
  53  5:02  Marauder  
  53  5:04  Liberator x2  
  53  5:05  SCV x2  
  53  5:07  Supply Depot  
  57  5:09  Supply Depot  
  57  5:17  SCV x2  
  57  5:20  Marine x2  
  60  5:23  Widow Mine x2  
  60  5:28  Marine  
  70  5:31  SCV x2, Marauder  
  70  5:34  Supply Depot  
  71  5:38  Marine  
  67  5:43  SCV  
  56  5:51  Widow Mine x2  
  56  5:53  Marine x3  
  56  5:56  Marine  
  54  5:57  SCV x2  
  49  6:10  SCV  
  49  6:11  SCV  
  46  6:23  SCV  
  47  6:44  SCV x2  
  46  6:49  Medivac  
  46  6:51  Factory Tech Lab  
  46  6:53  Marine x5  
  53  6:54  Combat Shield  
  53  6:57  SCV x2  
  53  6:58  Refinery  
  53  6:59  Refinery  
  55  7:05  Command Center  
  55  7:09  SCV x2  
  55  7:11  Marine x2  
  56  7:21  SCV x2  
  56  7:22  Marine x3  
  60  7:25  Siege Tank  
  64  7:34  Liberator x2  
  64  7:37  SCV x2  
  66  7:41  Marine x5  
  71  7:49  SCV  
  75  7:55  SCV  
  76  7:59  Marine x2  
  76  8:01  SCV  
  76  8:04  Barracks  
  79  8:05  Barracks  
  79  8:09  Marine x2  
  79  8:10  SCV  
  82  8:13  SCV  
  83  8:22  SCV  
  83  8:23  Marine x2  
  83  8:25  SCV  
  87  8:31  Engineering Bay  
  87  8:32  Marine, Engineering Bay  
  88  8:34  SCV  
  89  8:54  Marine, Marauder  
  89  8:55  Marine x3, Barracks Reactor x2  
  89  9:11  Medivac x2  
  89  9:12  Marine  
  89  9:13  Marine x3  
  89  9:14  Terran Infantry Weapons Level 1  
  89  9:16  SCV x2, Marauder  
  94  9:30  Marine  
  92  9:32  Marine  
  92  9:33  Marine x2  
  92  9:34  SCV x2  
  86  9:41  Medivac x2, Orbital Command  
  80  9:46  SCV x2  
  78  9:58  Marine x4, SCV x2  
  78  9:59  Marine x5  
  89  10:01  Siege Tank  
  92  10:10  SCV  
  92  10:16  Marine x2, SCV x2  
  95  10:22  SCV  
  95  10:26  Marine x4  
  95  10:28  SCV x2, Medivac x2  
  104  10:33  Armory  
  104  10:34  SCV  
  102  10:40  SCV  
  102  10:48  Marine x3  
  102  10:49  Marine x6  
  106  10:56  Refinery  
  103  10:58  Command Center  
Tags
 
Add a new tag
Caveats
  • Supply blocks, unpowered buildings, or Contaminate may cause inaccurate times.
  • Supply counts are checked every 10 seconds.